 Dungeon Crawl Stone Soup version 0.19.1-1-g22dce08 (webtiles) character file.

126 esteth the Chopper (level 4, 0/40 HPs)
             Began as a Minotaur Fighter on Jan 1, 2017.
             Slain by a gnoll
             ... wielding a +0 halberd
              (3 damage)
             ... on level 3 of the Dungeon.
             The game lasted 00:04:56 (1715 turns).

esteth the Chopper (Minotaur Fighter)               Turns: 1715, Time: 00:04:57

Health: 0/40       AC:  7    Str: 21    XL:     4   Next: 83%
Magic:  3/3        EV:  7    Int:  5    God:
Gold:   62         SH: 10    Dex: 10    Spells: 0 memorised, 3 levels left

rFire  . . .     SeeInvis .     e - +2 short sword (elec)
rCold  . . .     Gourm    .     b - +0 scale mail
rNeg   . . .     Faith    .     c - +1 shield
rPois  +         Spirit   .     (helmet restricted)
rElec  .         Reflect  .     (no cloak)
rCorr  .         Harm     .     (no gloves)
MR     .....                    (no boots)
Stlth  ..........               (no amulet)
                                m - ring of poison resistance
                                i - ring of flight

@: no status effects
A: retaliatory headbutt, horns 2
a: Evoke Flight


You were on level 3 of the Dungeon.
You were not hungry.

You visited 1 branch of the dungeon, and saw 3 of its levels.

You collected 62 gold pieces.

Inventory:

Hand Weapons
 a - a +0 war axe
 e - a +2 short sword of electrocution (weapon)
Armour
 b - a +0 scale mail (worn)
 c - a +1 shield (worn)
Jewellery
 i - a ring of flight (left hand)
 m - a ring of poison resistance (right hand)
Scrolls
 h - a scroll of remove curse
 j - a scroll of noise {unknown}
 l - a scroll of identify
Potions
 d - a potion of might
Comestibles
 f - 2 bread rations
 g - 4 chunks of flesh


   Skills:
 - Level 3.7 Fighting
 + Level 5.8 Axes
 - Level 4.0 Armour
 - Level 3.7 Shields


You had 3 spell levels left.
You didn't know any spells.

Dungeon Overview and Level Annotations

Branches:
Dungeon (3/15)

Altars:
Ru
Sif Muna
Vehumet

Annotations:
D:3 Terence


Innate Abilities, Weirdness & Mutations

You reflexively headbutt those who attack you in melee.
You have a pair of horns on your head.


Message History

You barely miss the hobgoblin. You headbutt the hobgoblin.
The hobgoblin is almost dead.
The hobgoblin hits you. The gnoll barely misses you.
An orc comes into view. It is wielding a dagger.
The orc shouts!
You puncture the hobgoblin!
There is a sudden explosion of sparks!
You kill the hobgoblin!
The gnoll hits you from afar with a halberd!
The gnoll barely misses you.
Things that are here:
3 stones; a kobold corpse You hit the gnoll.
The gnoll is moderately wounded.
The gnoll hits you with a halberd!
* * * LOW HITPOINT WARNING * * *
Terence shouts, "Get ready for death!"
The gnoll hits you from afar with a halberd!
* * * LOW HITPOINT WARNING * * *
The gnoll closely misses you. The gnoll hits you with a halberd.
You die...

.........# #.........
.........#####.........
###.##................
##(....########...##..
#...#### ########
.......#.# .#######.###
...)..l†..#######
...##.##@@....... (..
##gg###### ... ##.#
#... ... #.# .### ## .#
.. #%


You could see Terence, 2 gnolls and a leopard gecko.

Vanquished Creatures
  5 gnolls
  An adder (D:2)
  2 worms
  2 dart slugs
  2 leopard geckos (D:1)
  2 ball pythons (D:2)
  A giant cockroach (D:1)
  5 goblins
  7 hobgoblins
  7 kobolds
  2 quokkas
  10 bats
  7 frilled lizards
  7 rats
60 creatures vanquished.

Notes
Turn   | Place    | Note
-------+----------+-------------------------------------------
     0 | D:1      | esteth the Minotaur Fighter began the quest for the Orb.
     0 | D:1      | Reached XP level 1. HP: 19/19 MP: 0/0
   130 | D:1      | Reached XP level 2. HP: 8/27 MP: 1/1
   357 | D:1      | You fall through a shaft!
   375 | D:1      | Reached skill level 3 in Axes
   743 | D:1      | Reached XP level 3. HP: 33/33 MP: 2/2
  1032 | D:2      | Reached skill level 4 in Axes
  1085 | D:2      | Reached skill level 5 in Axes
  1085 | D:2      | Reached XP level 4. HP: 37/40 MP: 3/3
  1136 | D:2      | Found a sacrificial altar of Ru.
  1556 | D:2      | Found a radiant altar of Vehumet.
  1557 | D:2      | Found a deep blue altar of Sif Muna.
  1710 | D:3      | Noticed Terence
  1715 | D:3      | Slain by a gnoll

Skill      XL: |  1  2  3 |
---------------+----------+-----
Armour         | 4 |  4.0
Axes           | 3 5 |  5.8
Fighting       | |  3.7
Shields        | |  3.7

Action                   |  1- 3 |  4- 6 || total
-------------------------+-------+-------++-------
Melee: War axe           |    19 |       ||    19
       Short sword       |    55 |    40 ||    95
       Headbutt          |     7 |     3 ||    10
  Use: Scroll            |     1 |     5 ||     6
  Eat: Chunk             |     1 |     2 ||     3
Armor: Scale mail        |    31 |    12 ||    43
Dodge: Dodged            |    18 |    10 ||    28
Block: Shield            |    33 |    14 ||    47
